 Dungeon Crawl Stone Soup version 0.17-a0-968-gf8e1f1d (webtiles) character file.

48 laxity the Firebug (level 3, -2/19 HPs)
             Began as a Deep Elf Fire Elementalist on May 9, 2015.
             Slain by an ogre
             ... wielding a +0 giant club
              (11 damage)
             ... on level 3 of the Dungeon.
             The game lasted 00:03:50 (2859 turns).

laxity the Firebug (Deep Elf Fire Elementalist)     Turns: 2859, Time: 00:03:50

Health: -2/19      AC:  4    Str:  5    XL:     3   Next: 50%
Magic:  5/10       EV: 13    Int: 20    God:
Gold:   170        SH:  0    Dex: 15    Spells: 2 memorised, 6 levels left

rFire  . . .     SeeInvis .     h - +0 short sword
rCold  . . .     Clarity  .     a - +0 robe
rNeg   . . .     SustAb   .     (no shield)
rPois  .         Gourm    .     (no helmet)
rElec  .         Spirit   .     (no cloak)
rCorr  .         Warding  .     r - +1 pair of gloves
rMut   .         Stasis   .     (no boots)
MR     .....                    (no amulet)
Stlth  ++........               (no ring)
                                (no ring)

@: not resistant to hostile enchantments, unstealthy
A: no striking features
a: no special abilities


You were on level 3 of the Dungeon.
You were hungry.

You visited 1 branch of the dungeon, and saw 3 of its levels.

You collected 170 gold pieces.

Inventory:

Hand weapons
 h - a +0 short sword (weapon)
Armour
 a - a +0 robe (worn)
 r - a +1 pair of gloves (worn)
Jewellery
 j - an uncursed ring of protection from fire {unknown}
 k - an uncursed ring of flight {unknown}
 o - a cursed ring of loudness {unknown}
 q - an uncursed ring of magical power {unknown}
Scrolls
 g - 5 scrolls of identify {unknown}
 l - 3 scrolls of recharging {unknown}
 n - a scroll of immolation {unknown}
 p - a scroll of amnesia {unknown}
 t - a scroll of magic mapping {unknown}
Potions
 d - a potion of flight {unknown}
 e - a potion of haste {unknown}
 f - 3 potions of curing {unknown}
 i - 2 potions of agility {unknown}
 m - a potion of heal wounds {unknown}
Books
 b - a book of Flames

   Spells                             Type                      Level
   a - Flame Tongue                   Conjuration/Fire             1
   b - Throw Flame                    Conjuration/Fire             2
   c - Conjure Flame                  Conjuration/Fire             3
   d - Inner Flame                    Hexes/Fire                   3
   e - Sticky Flame                   Conjuration/Fire             4
   f - Fireball                       Conjuration/Fire             5
Comestibles
 c - 6 bread rations
 s - 3 meat rations


   Skills:
 - Level 1.0 Short Blades
 - Level 2.4 Dodging
 - Level 2.4 Stealth
 + Level 3.5 Spellcasting
 + Level 2.4 Conjurations
 + Level 3.8 Fire Magic


You had 6 spell levels left.
You knew the following spells:

 Your Spells              Type           Power        Failure   Level  Hunger
a - Flame Tongue          Conj/Fire      ###..        3%          1    None
b - Throw Flame           Conj/Fire      ###...       6%          2    ##.....


Dungeon Overview and Level Annotations

Branches:
Dungeon (3/15)

Altars:
Dithmenos
Makhleb


Message History

Press: ? - help, Shift-Dir - straight line, f/p - ogre
Aim: an ogre, wielding a giant club (severely wounded)
The flame tongue misses the ogre.
The ogre misses you.
Casting: Flame Tongue
Confirm with . or Enter, or press ? or * to list all spells.
Aiming: Flame Tongue
Press: ? - help, Shift-Dir - straight line, f/p - ogre
Aim: an ogre, wielding a giant club (severely wounded)
The flame tongue misses the ogre.
The ogre hits you with a giant club!
Ouch! That really hurt!
Casting: Flame Tongue
Confirm with . or Enter, or press ? or * to list all spells.
Aiming: Flame Tongue
Press: ? - help, Shift-Dir - straight line, f/p - ogre
Aim: an ogre, wielding a giant club (severely wounded)
The flame tongue hits the ogre.
The ogre is almost dead.
The ogre hits you with a giant club!
Ouch! That really hurt!
You die...

#.# #.# #.# #.# .#
#.# ... ### ### #.#
#.# #.. ..# #.# #.#
#.# #.# #.# #.#
#.#####.####.## #.#
#.# #.##...@O.....#
..#
##.###.##.##.#####.#
#####...##.##.####
#.##.....#...##
.........>..##
#.####..#####
#.#####.# .....##.#
.....##.#


You could see an ogre.

Vanquished Creatures
  2 worms
  2 giant geckos
  An orc (D:3)
  3 hobgoblins
  2 jackals (D:2)
  A quokka (D:2)
  7 bats
  A giant newt (D:1)
  5 goblins
  12 kobolds
  4 rats
40 creatures vanquished.

Notes
Turn   | Place    | Note
--------------------------------------------------------------
     0 | D:1      | laxity, the Deep Elf Fire Elementalist, began the quest for the Orb.
     0 | D:1      | Reached XP level 1. HP: 10/10 MP: 6/6
   511 | D:1      | Reached XP level 2. HP: 15/15 MP: 5/8
   515 | D:1      | Learned a level 2 spell: Throw Flame
  1169 | D:2      | Found a shadowy altar of Dithmenos.
  1761 | D:2      | Reached XP level 3. HP: 17/19 MP: 4/9
  2510 | D:3      | Found a burning altar of Makhleb.
  2593 | D:3      | Reached skill level 1 in Short Blades
  2851 | D:3      | Noticed an ogre
  2859 | D:3      | Slain by an ogre

Action                   || total
-------------------------++-------
Melee: Unarmed           ||     1
       Short sword       ||     3
 Cast: Flame Tongue      ||    88
  Eat: Chunk             ||     5
